 Dungeon Crawl Stone Soup version 0.30-a0-475-g03497ec522 (webtiles) character file.

Game seed: 16510951656023455229

636 bmack86 the Slasher (level 7, -1/61 HPs)
             Began as a Minotaur Fighter on Dec 21, 2022.
             Was an Initiate of Makhleb.
             Killed by divine providence
             ... invoked by an orc priest
              (15 damage)
             ... on level 5 of the Dungeon.
             The game lasted 00:11:55 (3756 turns).

bmack86 the Slasher (Minotaur Fighter)              Turns: 3756, Time: 00:11:56

Health: -1/61      AC: 10    Str: 22    XL:     7   Next: 25%
Magic:  6/6        EV:  7    Int:  5    God:    Makhleb [......]
Gold:   163        SH:  5    Dex: 10    Spells: 6/6 levels left

rFire   . . .      SeeInvis .    m - +5 long sword of Indomitability {speed, rC+ Stlth+}
rCold   + . .      Faith    .    c - +0 buckler
rNeg    . . .      Spirit   .    y - +0 chain mail
rPois   .          Reflect  .    (helmet restricted)
rElec   .          Harm     .    (no cloak)
rCorr   .          Rampage  .    (no gloves)
Will    +....                    (no boots)
Stlth   ..........               (no amulet)
HPRegen 0.30/turn                u - ring of willpower
MPRegen 0.10/turn                (no ring)

@: lethally poisoned (-1 -> -11)
A: horns 2, retaliatory headbutt
a: Renounce Religion


You were on level 5 of the Dungeon.
You worshipped Makhleb.
Makhleb was noncommittal.
You visited 1 branch of the dungeon, and saw 5 of its levels.

You collected 315 gold pieces.
You spent 152 gold pieces at shops.

Inventory:

Hand Weapons
 a - a +0 war axe of venom
 m - the +5 long sword of Indomitability (weapon) {speed, rC+ Stlth+}
   (You found it on level 2 of the Dungeon)

   Attacks with this weapon are significantly faster.
   rC:        It protects you from cold.
   Stlth:     It makes you more stealthy.
Armour
 b - a +0 scale mail
 c - a +0 buckler (worn)
 y - a +0 chain mail (worn)
Jewellery
 u - a ring of willpower (left hand)
Wands
 s - a wand of digging (2)
Scrolls
 n - 2 scrolls of identify
 o - 2 scrolls of magic mapping
 p - 2 scrolls of vulnerability
 q - 2 scrolls of teleportation
 r - a scroll of torment
 t - a scroll of fog
 w - a scroll of amnesia
Potions
 d - 2 potions of might
 e - 4 potions of haste
 f - 2 potions of heal wounds
 g - 2 potions of magic
 h - a potion of degeneration
 i - a potion of flight {unknown}
 j - 2 potions of brilliance
 k - a potion of lignification {unknown}
 l - a potion of invisibility {unknown}
 v - a potion of ambrosia {unknown}
 x - a potion of resistance {unknown}
 z - 2 potions of berserk rage {unknown}


   Skills:
 + Level 5.2 Fighting
 + Level 5.7 Long Blades
 + Level 3.0 Axes
 + Level 5.6 Armour
 + Level 0.7 Dodging
 + Level 1.0 Stealth
 + Level 5.0 Shields


You had 6 spell levels left.
You didn't know any spells.
Your spell library contained the following spells:

 Spells                   Type           Power      Damage    Failure   Level
 Blink                    Tloc           0%         N/A       100%        2
 Ensorcelled Hibernation  Hex/Ice        0%         N/A       100%        2
 Momentum Strike          Conj/Tloc      0%         3d8       100%        2
 Lesser Beckoning         Tloc           0%         N/A       100%        3
 Spider Form              Tmut/Pois      0%         N/A       100%        3
 Anguish                  Hex/Necr       0%         N/A       100%        4


Dungeon Overview and Level Annotations

Branches:
Dungeon (5/15)
 Temple: D:4-7

Altars:
Cheibriados
Elyvilon
Makhleb
Okawaru
Xom

Shops:
D:3 !*![:   D:4 !


Innate Abilities, Weirdness & Mutations

You have a pair of horns on your head.
You reflexively headbutt those who attack you in melee.


Message History

You miss something. You headbutt something.
The orc hits you with a +0 mace of venom.
The orc priest invokes the aid of Beogh against you.
Beogh smites you!
You hear some strange, mumbled words.
A magic dart appears from out of thin air!
The magic dart hits you but does no damage.
You miss something. Your headbutt misses something. The orc barely misses you.
Something hits you but does no damage.
The orc priest hits you but does no damage.
You slash something! Your headbutt misses something.
The orc hits you with a +0 mace of venom.
You are poisoned.
The orc priest mumbles some strange prayers to Beogh against you.
Beogh smites you! Something hits you.
You barely miss something.
You feel very sick.
Unknown command.
You slash something! Makhleb accepts your kill.
Reactivating autopickup.
You feel a bit more experienced.
You feel sick. The orc hits you but does no damage.
The orc priest hits you but does no damage.
The orc throws a boomerang.
The boomerang hits you but does no damage.
You feel sick. The orc barely misses you. The orc priest barely misses you.
You furiously retaliate!
You headbutt the orc priest. The orc barely misses you.
There is an open door here.
Items here: )) [[ †.
You hit the orc.
The orc is severely wounded.
You feel sick.
The orc hits you with a +0 mace of venom.
* * * LOW HITPOINT WARNING * * *
You are more poisoned.
The orc priest invokes the aid of Beogh against you.
Beogh smites you!
You die...

##.........#........#..
#..........#........+..
#...<......#........#..
#....##....#........###
#....##....##..........
#....+......#..........
#######.....#..........
###.oS##o....#..........
...Ozzo@.....#..........
....oo##o....#..........
..... #########+##.....
.... #+###. ... #. .. #.
. #. #. ##


You could see an ogre, 2 wights, an orc priest, an adder and 5 orcs.

Vanquished Creatures
  2 black bears (D:5)
  An ogre (D:5)
  A wight (D:5)
  A hound (D:5)
  A gnoll bouda (D:4)
  An iguana (D:5)
  An orc wizard (D:5)
  Ijyb (D:3)
  7 adders
  4 gnolls
  A shadow imp (D:4)
  An ufetubus (D:4)
  5 worms
  3 orcs
  3 bats
  6 endoplasms
  3 giant cockroaches
  6 goblins
  3 hobgoblins
  6 jackals (D:4)
  4 kobolds
  A quokka (D:4)
  5 ball pythons
  3 frilled lizards
  3 rats
73 creatures vanquished.

Notes
Turn   | Place    | Note
-------+----------+-------------------------------------------
     0 | D:1      | bmack86 the Minotaur Fighter began the quest for the Orb.
     0 | D:1      | Reached XP level 1. HP: 19/19 MP: 0/0
   142 | D:1      | Reached XP level 2. HP: 27/27 MP: 1/1
   903 | D:2      | Reached XP level 3. HP: 23/31 MP: 2/2
   933 | D:2      | Identified the +5 long sword of Indomitability {speed, rC+
                  | Stlth+}
   938 | D:2      | You fall into a shaft and drop 2 floors!
  1029 | D:3      | Found Mer Qokh's Distillery.
  1052 | D:3      | Found Zianoc's Book Shoppe.
  1052 | D:3      | Identified the +6 spear "Zesadosch" {elec, MP+9 Dex-2 SInv}
  1141 | D:2      | Reached XP level 4. HP: 40/40 MP: 3/3
  1149 | D:2      | Found a faded altar of an unknown god.
  1160 | D:2      | Reached skill level 1 in Long Blades
  1811 | D:3      | Found an iron altar of Okawaru.
  1812 | D:3      | Found a shimmering altar of Xom.
  1832 | D:3      | Found Guomugih's General Store.
  1837 | D:3      | Bought a scroll of identify for 22 gold pieces
  1949 | D:3      | Found a snail-covered altar of Cheibriados.
  1991 | D:3      | Noticed Ijyb
  1997 | D:3      | Killed Ijyb
  2008 | D:3      | Found Qeroin's Distillery.
  2011 | D:3      | Bought a potion of heal wounds for 65 gold pieces
  2011 | D:3      | Bought a potion of heal wounds for 65 gold pieces
  2316 | D:3      | Found Saohugon's Antique Armour Boutique.
  2672 | D:4      | Found a white marble altar of Elyvilon.
  2699 | D:4      | Reached XP level 5. HP: 46/46 MP: 4/4
  2729 | D:4      | Found a burning altar of Makhleb.
  2750 | D:4      | Became a worshipper of Makhleb the Destroyer
  3211 | D:4      | Found Muburisu's Distillery.
  3336 | D:5      | Entered Level 5 of the Dungeon
  3350 | D:5      | Reached skill level 5 in Armour
  3357 | D:5      | Noticed a black bear
  3368 | D:5      | Killed a black bear
  3369 | D:5      | Reached XP level 6. HP: 47/53 MP: 5/5
  3431 | D:5      | Reached skill level 5 in Shields
  3467 | D:5      | Reached skill level 5 in Long Blades
  3515 | D:5      | Reached XP level 7. HP: 50/60 MP: 6/6
  3643 | D:5      | Reached skill level 1 in Stealth
  3747 | D:5      | Reached skill level 5 in Fighting
  3756 | D:5      | Killed from afar by an orc priest

Illustrated notes

Levels and vault maps discovered:
D:1:      dpeg_arrival_rhombi, layout_basic
D:2:      layout_basic, hellmonk_ecumenical_altar_blasted
D:3:      layout_loops_ring, cheibrodos_worm_habitat,
          mainiacjoe_overflow_divided_tiny, serial_shops, shop,
          nicolae_shop_behind_doors, nicolae_shop_stone, shop,
          nicolae_shop_crystal, minmay_hedge_maze,
          minmay_misc_feat_secret_circle, grunt_ministairs_14, uniq_ijyb
D:4:      layout_basic, elyvilon_altar_5, mainiacjoe_overflow_brackets,
          serial_shops, shop
D:5:      layout_gridville, nicolae_hepliaklqana_monster_ancestors, minivault_26

Skill      XL: |  1  2  3  4  5  6  7 |
---------------+----------------------+-----
Armour         | 4 5 |  5.6
Shields        | 4 5 |  5.0
Fighting       | 4 5 |  5.2
Long Blades    | 2 4 5 |  5.7
Axes           | 3 |  3.0
Stealth        | 1 |  1.0
Dodging        | |  0.7

Action                   |  1- 3 |  4- 6 |  7- 9 || total
-------------------------+-------+-------+-------++-------
Melee: War axe           |    28 |       |       ||    28
       Headbutt          |     4 |    17 |     4 ||    25
       Long sword        |    16 |    88 |    20 ||   124
  Use: Scroll            |     3 |    11 |       ||    14
       Potion            |       |     1 |       ||     1
Armor: Scale mail        |    27 |    11 |       ||    38
       Chain mail        |       |    22 |     9 ||    31
Dodge: Dodged            |    25 |    44 |     5 ||    74
Block: Buckler           |    19 |    22 |     1 ||    42

Table legend: (Time is in decaauts)
 A = Elapsed time spent in this place.
 B = Non-inter-level travel time spent in this place.
 C = Inter-level travel time spent in this place.
 D = Time resting spent in this place.
 E = Time spent auto-exploring this place.
 F = Levels seen in this place.
 G = Mean time per level.
                   A        B        C        D        E       F      G
               +--------+--------+--------+--------+--------+-----+--------+
         Total |   3763 |   3601 |    162 |      0 |   2554 |   5 |  752.6 |
       Dungeon |   3763 |   3601 |    162 |      0 |   2554 |   5 |  752.6 |
               +--------+--------+--------+--------+--------+-----+--------+

Top non-repeatable levels by time:
     D:3: 950 daAuts
     D:2: 851 daAuts
     D:1: 805 daAuts
     D:4: 743 daAuts
     D:5: 412 daAuts
